Map: Lightshade LE

Players

Seither

  • Race: Terran Terran
  • League: Grandmaster

Probe - Winner!

  • Race: Protoss Protoss

Event: DreamHack SC2 Masters 2021 Summer

VOD

Have the link to the VOD?

Description

Time

  • Played on: May 23, 2021, 6:39 a.m.
  • Length: 9:45

All games in this series

Show
View Real Time Build Order
Export as new Build Order

Seither Terran 

Build Orders: Reaper Expand 

Get SALT Encoding   

  12  0:00  SCV  
  13  0:12  SCV  
  14  0:17  Supply Depot  
  14  0:24  SCV  
  15  0:38  SCV  
  15  0:40  Barracks  
  16  0:44  Refinery  
  16  0:50  SCV  
  17  1:02  SCV  
  18  1:14  SCV  
  19  1:28  Orbital Command  
  19  1:30  Reaper  
  20  1:43  Command Center  
  20  1:56  Barracks  
  20  1:57  SCV  
  21  2:07  Supply Depot  
  22  2:13  Barracks Reactor  
  22  2:14  SCV  
  22  2:21  Barracks  
  22  2:26  SCV  
  23  2:32  Bunker  
  23  2:39  SCV  
  24  2:44  Barracks Tech Lab  
  24  2:52  Marine x2  
  24  2:55  SCV  
  25  3:03  Stimpack  
  25  3:04  Marauder  
  27  3:08  SCV  
  27  3:10  Marine  
  27  3:11  Barracks Tech Lab  
  29  3:18  Orbital Command  
  29  3:25  Marine  
  28  3:27  Marauder, Marine  
  28  3:31  Marauder  
  33  3:42  SCV, Marine  
  33  3:43  Supply Depot  
  33  3:45  Marine  
  33  3:52  Marauder  
  33  3:53  Marauder  
  37  4:00  Marine  
  38  4:04  Marine  
  38  4:09  Supply Depot  
  38  4:11  SCV x2  
  38  4:12  Factory  
  40  4:20  Refinery  
  40  4:23  SCV x2, Marine x2  
  44  4:31  Engineering Bay  
  44  4:35  SCV x2  
  46  4:39  Marauder  
  46  4:42  Marauder  
  50  4:45  Supply Depot  
  50  4:48  SCV x2  
  50  4:49  Marine  
  50  4:51  Marine  
  54  4:57  Starport  
  54  5:04  Factory Reactor  
  54  5:07  Marine  
  54  5:08  Refinery  
  54  5:09  Marine  
  54  5:10  SCV x2  
  58  5:16  Marauder, Supply Depot  
  58  5:19  Marauder  
  62  5:28  Supply Depot  
  62  5:32  Combat Shield  
  62  5:33  SCV  
  62  5:37  SCV, Marine x2  
  62  5:42  Supply Depot  
  65  5:45  SCV  
  65  5:49  SCV, Medivac  
  69  5:52  Supply Depot  
  69  5:54  Medivac  
  69  5:56  Marine x2  
  73  6:00  Marauder  
  73  6:03  Marauder  
  67  6:14  Marine  
  67  6:15  Factory Reactor, SCV  
  67  6:16  SCV  
  66  6:22  Marauder  
  66  6:24  Marauder  
  70  6:29  Terran Infantry Weapons Level 1  
  70  6:33  Command Center  
  70  6:36  SCV x2  
  70  6:38  Marine x2  
  74  6:44  Refinery  
  74  6:48  Marauder x2  
  74  6:52  Supply Depot  
  78  6:55  Medivac x2  
  78  6:58  SCV x2  
  84  7:05  Marine x2  
  84  7:10  Factory Tech Lab  
  84  7:14  SCV x2  
  86  7:16  Marauder x2  
  86  7:20  Supply Depot  
  90  7:26  SCV x2  
  85  7:37  Marine x2  
  85  7:38  Marauder x2  
  90  7:47  Siege Tank  
  90  7:48  Medivac x2  
  87  7:52  Orbital Command  
  87  7:55  Barracks  
  87  7:57  Barracks  
  88  7:58  SCV x2  
  89  8:06  Marine x2, Marauder  
  89  8:07  Marauder  
  89  8:10  SCV x2  
  97  8:23  Siege Tank  
  97  8:24  Orbital Command  
  101  8:27  SCV x2  
  101  8:28  Marauder x2  
  101  8:29  Medivac x2  
  110  8:34  Supply Depot  
  110  8:39  Marine x2  
  112  8:45  Barracks Tech Lab  
  112  8:47  SCV x2  
  114  8:50  Supply Depot  
  114  8:51  SCV  
  114  8:52  Marauder x2  
  114  8:54  Concussive Shells  
  119  8:57  Siege Tank, Supply Depot  
  122  9:08  Marine x4  
  125  9:19  Marauder x3  
  111  9:25  Marine  
  111  9:26  Marine x2  
Show
View Real Time Build Order
Export as new Build Order

Probe Protoss - Winner!

Build Orders: 1 Gate Expand, Blink Stalkers 

Get SALT Encoding   

  12  0:00  Probe  
  13  0:12  Probe  
  14  0:17  Pylon  
  14  0:25  Probe (Chrono Boost)  
  15  0:37  Gateway, Probe (Chrono Boost)  
  16  0:45  Probe (Chrono Boost)  
  16  0:46  Assimilator  
  17  0:51  Probe  
  18  1:03  Probe  
  19  1:15  Probe  
  20  1:24  Cybernetics Core  
  20  1:31  Nexus  
  20  1:34  Probe  
  21  1:41  Pylon  
  21  1:46  Probe  
  22  1:51  Assimilator  
  22  1:58  Adept (Chrono Boost), Probe  
  25  2:07  Warp Gate  
  25  2:10  Probe  
  26  2:18  Stalker (Chrono Boost)  
  26  2:22  Probe  
  28  2:34  Probe  
  29  2:41  Stalker  
  31  2:46  Twilight Council  
  31  2:47  Probe x2  
  33  2:59  Probe (Chrono Boost)  
  33  3:00  Probe (Chrono Boost)  
  35  3:06  Robotics Facility  
  35  3:11  Probe (Chrono Boost)  
  37  3:17  Probe (Chrono Boost)  
  37  3:18  Probe (Chrono Boost)  
  38  3:23  Blink (Chrono Boost), Probe  
  38  3:25  Probe  
  40  3:30  Gateway  
  40  3:35  Probe  
  40  3:38  Gateway, Probe  
  42  3:47  Probe  
  43  3:50  Probe  
  43  3:55  Pylon, Observer  
  45  3:56  Pylon  
  45  3:59  Probe  
  46  4:05  Probe  
  46  4:08  Shield Battery  
  45  4:11  Probe  
  45  4:13  Stalker, Assimilator  
  48  4:17  Probe, Observer  
  48  4:20  Assimilator  
  48  4:23  Probe  
  51  4:24  Stalker  
  51  4:29  Pylon, Probe  
  54  4:35  Probe  
  54  4:36  Stalker x2  
  59  4:41  Probe  
  60  4:47  Shield Battery  
  60  4:48  Probe  
  60  4:51  Stalker  
  63  4:53  Probe, Observer  
  63  4:54  Forge  
  65  5:00  Zealot x2, Charge (Chrono Boost)  
  65  5:04  Probe  
  70  5:09  Pylon  
  70  5:11  Pylon  
  70  5:25  Protoss Ground Weapons Level 1 (Chrono Boost)  
  70  5:27  Probe  
  71  5:31  Robotics Bay  
  71  5:38  Nexus  
  71  5:41  Pylon  
  71  5:42  Stalker  
  73  5:46  Stalker  
  75  5:57  Gateway  
  75  5:58  Probe  
  75  5:59  Gateway, Probe  
  75  6:02  Gateway  
  77  6:10  Probe  
  74  6:13  Probe  
  74  6:14  Colossus (Chrono Boost)  
  74  6:16  Sentry  
  74  6:18  Zealot, Sentry  
  85  6:22  Observer  
  85  6:24  Probe  
  85  6:25  Probe  
  89  6:31  Shield Battery  
  89  6:33  Shield Battery  
  89  6:35  Pylon, Observer  
  89  6:36  Extended Thermal Lance  
  89  6:39  Pylon  
  89  6:46  Pylon, Sentry, Zealot  
  93  6:51  Probe x2  
  93  6:52  Probe  
  96  6:58  Zealot x2  
  100  7:02  Photon Cannon  
  100  7:08  Colossus (Chrono Boost)  
  106  7:19  Stalker x3  
  106  7:20  Stalker  
  106  7:22  Zealot  
  116  7:29  Pylon  
  115  7:34  Zealot  
  117  7:42  Zealot x4  
  123  7:44  Probe  
  123  7:46  Probe x2  
  126  7:56  Colossus, Probe  
  133  8:08  Probe x2  
  133  8:10  Assimilator  
  133  8:11  Assimilator, Pylon  
  135  8:14  Pylon, Observer  
  135  8:15  Pylon  
  135  8:22  Gateway  
  135  8:23  Templar Archives  
  135  8:24  Gateway  
  135  8:27  Probe x2  
  135  8:29  Stalker  
  135  8:31  Probe  
  140  8:39  Probe x2  
  142  8:43  Stalker, Probe  
  142  8:44  Stalker  
  147  8:51  Zealot, Probe  
  147  8:52  Zealot x2  
  154  8:59  High Templar  
  156  9:06  Nexus  
  156  9:08  Pylon  
Tags
 
Add a new tag
Caveats
  • Supply blocks, unpowered buildings, or Contaminate may cause inaccurate times.
  • Supply counts are checked every 10 seconds.